 Dungeon Crawl Stone Soup version 0.19.1-1-g22dce08 (webtiles) character file.

382 theAP the Cudgeler (level 6, 0/40 HPs)
             Began as a Gargoyle Fighter on Jan 5, 2017.
             Was an Initiate of Qazlal.
             Slain by an ogre
             ... wielding a +0 giant club
              (21 damage)
             ... on level 3 of the Dungeon.
             The game lasted 00:09:09 (2318 turns).

theAP the Cudgeler (Gargoyle Fighter)               Turns: 2318, Time: 00:09:10

Health: 0/40       AC: 18    Str: 21    XL:     6   Next: 76%
Magic:  6/6        EV:  3    Int:  9    God:    Qazlal [......]
Gold:   117        SH:  9    Dex:  9    Spells: 0 memorised, 5 levels left

rFire  . . .     SeeInvis .     q - +1 morningstar
rCold  . . .     Gourm    +     t - +0 plate armour
rNeg   + . .     Faith    .     c - +0 shield
rPois  ∞         Spirit   .     g - +0 helmet
rElec  +         Reflect  .     (no cloak)
rCorr  .         Harm     .     (no gloves)
MR     .....                    b - +0 pair of boots
Stlth  ..........               h - amulet of the gourmand
                                (no ring)
                                (no ring)

@: no status effects
A: negative energy resistance 1, electricity resistance, unbreathing,
petrification resistance, rot immunity, AC +4
a: Renounce Religion


You were on level 3 of the Dungeon.
You worshipped Qazlal.
Qazlal was noncommittal.
You were not hungry.

You visited 1 branch of the dungeon, and saw 3 of its levels.

You collected 117 gold pieces.

Inventory:

Hand Weapons
 a - a +1 flail
 q - a +1 morningstar (weapon)
Armour
 b - a +0 pair of boots (worn)
 c - a +0 shield (worn)
 g - a +0 helmet (worn)
 t - a +0 plate armour (worn)
Jewellery
 h - an amulet of the gourmand (around neck)
Scrolls
 j - 2 scrolls of identify
 l - a scroll of amnesia
 n - a scroll of magic mapping
 u - 2 scrolls of remove curse
Potions
 e - a potion of haste {unknown}
 i - a potion of flight {unknown}
 k - 2 potions of heal wounds {unknown}
 p - a potion of lignification {unknown}
 s - a potion of ambrosia {unknown}
Comestibles
 f - 2 bread rations
 m - a royal jelly
 o - a fruit


   Skills:
 + Level 5.4 Fighting
 * Level 5.6 Maces & Flails
 - Level 3.3 Armour
 - Level 3.4 Shields


You had 5 spell levels left.
You didn't know any spells.

Dungeon Overview and Level Annotations

Branches:
Dungeon (3/15)

Altars:
Qazlal


Innate Abilities, Weirdness & Mutations

You are resistant to torment.
Your stone body is resilient. (AC +4)
You are immune to poison.
You resist negative energy. (rN+)
You are resistant to electric shocks. (rElec)
You can survive without breathing.
You are immune to petrification.
You are immune to rotting.


Message History

You thump the gnoll!
You kill the gnoll!
Qazlal accepts your kill.
The gnoll moves out of view.
A gnoll comes into view. It is wielding a halberd.
There is a huge open gate here.
The gnoll hits you but does no damage.
You hit the gnoll but do no damage.
The gnoll hits you but does no damage. x2
You hit the gnoll but do no damage. The gnoll hits you but does no damage.
The gnoll hits you with a spear. The gnoll hits you but does no damage.
You puncture the gnoll!
You kill the gnoll!
Qazlal accepts your kill.
The gnoll hits you but does no damage. x3; The ogre hits you with a giant club!
You hit the ogre.
The ogre is lightly wounded.
The gnoll hits you but does no damage. x2; You block the gnoll's attack. x2
The gnoll hits you but does no damage. The ogre hits you with a giant club!!
Ouch! That really hurt!
You die...

gg#...................(.......
###≈≈≈≈≈≈≈≈≈≈≈≈.)..≈≈≈≈≈≈≈≈≈≈≈
≈≈≈≈≈≈≈≈≈≈≈≈≈≈≈....≈≈≈≈≈≈≈≈≈≈≈
≈≈≈≈≈≈≈≈≈≈≈≈≈≈≈....≈≈≈≈≈≈≈≈≈≈≈
..............$...)...........
......†..............>....#######
#########.....#g........#.# #....
##### #...#.#Og####.#.#.###.###
....# #...#.#g@#....#.#.#...#
....# ##....##.#.##.#.#.##.##
....# #..####...#....<....# ....#
#..####...##.#.#.#### ....#
#........).....#.#
....######.#######.##.###.#
.........)...........)....#
###.....)÷.########.#.#####
#........# #....#.#


You could see an ogre and 3 gnolls.

Vanquished Creatures
  A water moccasin (D:3)
  2 orc priests (D:3)
  8 gnolls (D:3)
  4 adders
  A dart slug (D:2)
  A leopard gecko (D:3)
  12 orcs
  15 bats
  5 giant cockroaches
  3 goblins
  13 hobgoblins
  12 jackals
  A quokka (D:3)
  A ball python (D:1)
  A frilled lizard (D:1)
  10 kobolds
  3 rats
93 creatures vanquished.

Notes
Turn   | Place    | Note
-------+----------+-------------------------------------------
     0 | D:1      | theAP the Gargoyle Fighter began the quest for the Orb.
     0 | D:1      | Reached XP level 1. HP: 14/14 MP: 1/1
   153 | D:1      | Reached XP level 2. HP: 19/19 MP: 2/2
   616 | D:1      | Reached XP level 3. HP: 24/24 MP: 3/3
  1303 | D:3      | Reached XP level 4. HP: 26/29 MP: 4/4
  1588 | D:3      | Reached XP level 5. HP: 34/34 MP: 5/5
  1651 | D:3      | Noticed a water moccasin
  1681 | D:3      | Killed a water moccasin
  1681 | D:3      | Reached skill level 5 in Fighting
  1681 | D:3      | Reached skill level 5 in Maces & Flails
  1681 | D:3      | Reached XP level 6. HP: 5/40 MP: 6/6
  2125 | D:3      | Found a stormy altar of Qazlal.
  2134 | D:3      | Became a worshipper of Qazlal Stormbringer
  2318 | D:3      | Slain by an ogre

Skill      XL: |  1  2  3  4  5 |
---------------+----------------+-----
Fighting       | 4 5 |  5.4
Maces & Flails | 3 4 5 |  5.6
Armour         | |  3.3
Shields        | |  3.4

Action                   |  1- 3 |  4- 6 || total
-------------------------+-------+-------++-------
Melee: Flail             |   220 |    47 ||   267
       Morningstar       |       |   140 ||   140
  Use: Scroll            |     7 |     2 ||     9
       Potion            |       |     3 ||     3
  Eat: Chunk             |    11 |     2 ||    13
Armor: Scale mail        |    87 |       ||    87
       Plate armour      |    82 |   301 ||   383
Dodge: Dodged            |    73 |    72 ||   145
Block: Shield            |   142 |   175 ||   317
